 Dungeon Crawl Stone Soup version 0.25.0-26-g0c896c7088 (webtiles) character file.

Game seed: 397220086295488126

54 MisterFreud the Digger (level 3, -1/31 HPs)
             Began as a Ghoul Earth Elementalist on July 2, 2020.
             Slain by Natasha (8 damage)
             ... on level 2 of the Dungeon.
             The game lasted 00:03:06 (1525 turns).

MisterFreud the Digger (Ghoul Earth Elementalist)   Turns: 1525, Time: 00:03:07

Health: -1/31      AC:  2    Str: 11    XL:     3   Next: 91%
Magic:  0/5        EV: 12    Int: 11    God:
Gold:   95         SH:  0    Dex:  9    Spells: 5/6 levels left

rFire    . . .     SeeInvis .   i - +0 dagger
rCold    + . .     Gourm    .   (no shield)
rNeg     + + +     Faith    .   c - +0 robe
rPois    ∞         Spirit   .   (no helmet)
rElec    .         Reflect  .   (no cloak)
rCorr    .         Harm     .   (no gloves)
MR       .....                  (no boots)
Stlth    ++........             (no amulet)
HPRegen  0.00/turn              (no ring)
MPRegen  0.09/turn              (no ring)

@: rotting
A: rotting body, claws 1, carnivore, cold resistance 1, negative energy
resistance 3, inhibited regeneration, torment resistance, unbreathing
a: no special abilities


You were on level 2 of the Dungeon.
You were not hungry.

You visited 1 branch of the dungeon, and saw 2 of its levels.

You collected 95 gold pieces.

Inventory:

Hand Weapons
 i - a +0 dagger (weapon)
Missiles
 b - 23 stones (quivered)
 m - 7 boomerangs
Armour
 c - a +0 robe (worn)
Scrolls
 a - a scroll of enchant armour {unknown}
 e - a scroll of identify {unknown}
 h - a scroll of teleportation {unknown}
 k - a scroll of magic mapping {unknown}
 l - a scroll of fear {unknown}
 n - a scroll of remove curse {unknown}
Potions
 f - a potion of might {unknown}
 g - 2 potions of stabbing {unknown}
 j - 2 potions of haste {unknown}
Comestibles
 d - 5 rations
 o - 3 chunks of flesh


   Skills:
 - Level 3.0 Fighting
 - Level 1.7 Dodging
 - Level 2.1 Stealth
 + Level 2.1 Spellcasting
   Level 0.8 Transmutations
 + Level 3.7 Earth Magic


You had 5 spell levels left.
You knew the following spells:

 Your Spells              Type           Power        Failure   Level  Hunger
a - Sandblast             Erth           #.....       6%          1    ##.....

Your spell library contained the following spells:

 Spells                   Type           Power        Failure   Level  Hunger
 Passwall                 Tmut/Erth      #.......     17%         2    ###....
 Stone Arrow              Conj/Erth      #.....       38%         3    ####...
 Petrify                  Tmut/Erth      #.......     75%         4    #####..
 Lee's Rapid Deconstruct  Erth           #.........   87%         5    ######.


Dungeon Overview and Level Annotations

Branches:
Dungeon (2/15)

Altars:
Hepliaklqana

Annotations:
D:2 Natasha


Innate Abilities, Weirdness & Mutations

Your body is rotting away.
You thrive on raw meat.
You are immune to poison.
You have sharp fingernails.
You are carnivorous and can eat meat at any time.
Your flesh is cold resistant. (rC+)
You are immune to negative energy. (rN+++)
You do not regenerate when monsters are visible.
You are immune to unholy pain and torment.
You can survive without breathing.


Message History

The magic dart hits you!
Casting: Sandblast (safe; 6% risk of failure)
Confirm with . or Enter, or press ? or * to list all spells.
You don't have enough magic to cast that spell.
Unknown command.
You hit Natasha.
Natasha is lightly wounded.
Natasha barely misses you.
You closely miss Natasha.
Natasha is lightly wounded.
Natasha misses you.
You closely miss Natasha.
Natasha is lightly wounded.
Natasha extends her claws.
Natasha claws you.
* * * LOW HITPOINT WARNING * * *
You miss Natasha.
Natasha is lightly wounded.
Natasha claws you!
You die...

..........# #..# ...
.#..#.....###..#####...
.#.........##.....>....
##...#................
##............#....#
...###....##...†...#
...# ######..##....#
#..# ....###.#5.#####
..## ..... #.@h......
### ...... ###†.####.
.# ...... ..# .###
..... .... ...# #.###
.#..# .. .##.# ..# .#
.# ..# .. #


You could see Natasha and a crimson imp (summoned).

Vanquished Creatures
  An adder (D:2)
  2 dart slugs (D:1)
  A leopard gecko (D:1)
  7 bats
  2 giant cockroaches (D:1)
  7 goblins
  5 hobgoblins
  6 kobolds
  A quokka (D:2)
  2 frilled lizards
  3 rats (D:1)
37 creatures vanquished.

Notes
Turn   | Place    | Note
-------+----------+-------------------------------------------
     0 | D:1      | MisterFreud the Ghoul Earth Elementalist began the quest
                  | for the Orb.
     0 | D:1      | Reached XP level 1. HP: 14/14 MP: 2/2
   123 | D:1      | Reached skill level 1 in Fighting
   141 | D:1      | Reached XP level 2. HP: 7/24 MP: 1/3
   717 | D:1      | Reached XP level 3. HP: 25/30 MP: 1/4
  1402 | D:2      | Found a hazy altar of Hepliaklqana.
  1514 | D:2      | Noticed Natasha
  1525 | D:2      | Slain by Natasha

Illustrated notes

Levels and vault maps discovered:
D:1:      scummos_arrival_simple_crosswalls, layout_rooms, minmay_pentomino_s2
D:2:      layout_rooms, old_standard_altar, cheibrodos_gnoll_hut, uniq_natasha

Skill      XL: |  1  2  3 |
---------------+----------+-----
Fighting       | 1 2 3 |  3.0
Spellcasting   | 2 |  2.1
Dodging        | |  1.7
Stealth        | |  2.1
Transmutations | |  0.8
Earth Magic    | |  3.7

Action                   || total
-------------------------++-------
Melee: Unarmed           ||    41
       Club              ||    22
       Dagger            ||    80
 Cast: Sandblast         ||    27
 Stab: Sleeping          ||     5
  Eat: Chunk             ||     8
Armor: Robe              ||    33
Dodge: Dodged            ||   112
